Unix NetHack Version 3.7.0-71 Work-in-progress - last build Jan 31 2023 02:41:03 (7ba98a1283f2b7cec35fde026edb48fc825ab8ae,branch:master). Game began 2023-02-04 15:22:41, ended 2023-02-04 15:27:39. stenno, lawful female human Priestess ----. --.|.@.. ---....%.G@. -.|-.....--- -..|... |.....- |<..-- --- Stenno the Acolyte St:16 Dx:12 Co:12 In:11 Wi:18 Ch:7 Lawful Dlvl:5 $:38 HP:0(37) Pw:54(54) AC:2 Exp:5 T:1161 Latest messages: You kill the gnome! The gnome wields an uncursed crossbow! The gnome wields a blessed thonged club! A gush of water hits the gnome on the head! You hit the gnome. The gnome swings his thonged club. The gnome misses! The gnome hits! You kill the gnome! The gnome hits! You miss the gnome. The gnome hits! You kill the gnome! There is a rust trap here. You see here an uncursed gnome corpse. A gush of water hits you on the head! Your helm rusts! You kill the gnome! You see here an uncursed fortune cookie. You hear crashing rock. You hear crashing rock. You descend the stairs. You hear a door open. You hear a door open. You hit the gnome! The gnome hits! You kill the gnome! You hit the dwarf! The dwarf reads a cursed scroll labeled GNIK SISI VLE! You hit the gnome! You miss the gnome. The gnome hits! You miss the gnome. The gnome misses! You kill the gnome! Pick an object. You hit the gnome lord! You hit the gnome lord. The gnome lord hits! You kill the gnome lord! The gnome lord hits! You hit the gnome lord! The gnome lord hits! You hit the gnome lord. The gnome lord hits! Are you sure you want to pray? [yn] (n) y You begin praying to Athena. The gnome lord hits! You die... Do you want your possessions identified? [ynq] (y) q Inventory: Coins $ - 38 gold pieces Weapons C - 6 blessed +0 crossbow bolts t - 3 blessed +0 daggers a - a blessed +1 mace (weapon in hand) Armor m - an uncursed rusty +0 orcish helm (being worn) j - a blessed +0 pair of high boots (being worn) c - an uncursed +0 small shield (being worn) z - an uncursed +0 robe (being worn) k - an uncursed +1 leather armor (being worn) Comestibles u - 2 uncursed carrots e - an uncursed clove of garlic f - an uncursed sprig of wolfsbane l - an uncursed egg n - an uncursed lichen corpse Scrolls B - an uncursed scroll of enchant weapon p - an uncursed scroll of identify Spellbooks h - an uncursed spellbook of cure sickness g - an uncursed spellbook of protection Potions q - an uncursed potion of extra healing o - an uncursed potion of hallucination d - 5 potions of holy water Rings D - an uncursed ring of cold resistance Wands s - a cursed wand of digging (0:5) A - a cursed wand of slow monster (0:7) Tools b - an uncursed blindfold v - a blessed tallow candle Gems/Stones w - an uncursed worthless piece of green glass i - a cursed worthless piece of orange glass x - an uncursed worthless piece of violet glass y - 2 uncursed worthless pieces of white glass Stenno the Priestess's attributes: Background: You were an Acolyte, a level 5 human Priestess. You were lawful, on a mission for Athena who was opposed by Hermes (neutral) and Poseidon (chaotic). You were in the Gnomish Mines, on level 5. You entered the dungeon 1161 turns ago. You had 225 experience points, 95 more were needed to attain level 6. Basics: You had 0 out of 37 hit points. You had all 54 energy points (spell power). Your armor class was 2. Your wallet contained 38 zorkmids. Autopickup was on for '$/=?!' plus thrown. Final Characteristics: Your strength was 16 (limit:18/100). Your dexterity was 12 (limit:18). Your constitution was 12 (limit:18). Your intelligence was 11 (limit:18). Your wisdom was 18 (limit:18). Your charisma was 7 (limit:18). Final Status: You were not hungry. You were unencumbered. You were wielding a mace. You had basic skill with mace. Final Attributes: You were devoutly aligned. You were guarded. You are dead. Miscellaneous: You disabled loading of bones levels. Total elapsed playing time was 4 minutes and 57 seconds. Major events: Turn 1: stenno the lawful human Priestess entered the dungeon 598: entered the Gnomish Mines 732: attained the rank of Acolyte (level 3) 1161: killed by a gnome lord, while praying Vanquished creatures: 4 gnome leaders a giant bat 2 giant rats 2 yellow molds 17 gnomes 2 jackals a fox a kobold a goblin 2 lichens a kobold zombie 6 newts 40 creatures vanquished. No species were genocided or became extinct. Voluntary challenges: You were illiterate. You never engraved Elbereth. You never genocided any monsters. You never polymorphed an object. You never changed form. You used no wishes. Achievements: You entered the Gnomish Mines. You attained the rank of Acolyte. The Dungeons of Doom: levels 1 to 3 Level 1: Level 2: Stairs down to The Gnomish Mines. Level 3: The Gnomish Mines: levels 3 to 5 Level 3: Level 4: Level 5: <- You were here. Final resting place for you, killed by a gnome lord, while praying. Game over: ---------- / \ / REST \ / IN \ / PEACE \ / \ | stenno | | 38 Au | | killed by a | | gnome lord | | | | | | 2023 | *| * * * | * _________)/\\_//(\/(/\)/\//\/|_)_______ Goodbye stenno the Priestess... You died in The Gnomish Mines on dungeon level 5 with 1135 points, and 38 pieces of gold, after 1161 moves. You were level 5 with a maximum of 37 hit points when you died.